AoeStats
← eltomooo

Arena

505765398Analyzed
4v4 RM · 20d ago on Sep 11, 2026· 44m 31s· 8 players
Game mode
Random Map
Map size
Large (8 player)
Population
200
Speed
Normal
Resources
Standard
Victory
Conquest
Starting age
Dark Age
Ending age
Imperial Age
RankedLock teamsTeams togetherTeam positionsShared explorationLock speedFull tech treeHidden civsTurbo modeCheats
Victory
Defeat
🇨🇱 Wei · Chile
1347
+13
🇦🇷 Britons · Argentina
1310
+14
🇲🇽 Mongols · Mexico
1299
+15
🇨🇱 Hindustanis · Chile
1256
+17
🇦🇷 Koreans · Argentina
1400
-20
🇦🇷 Magyars · Argentina
1327
-17
🇹🇼 Mongols · Taiwan
1215
-12
🇧🇷 Wei · Brazil
1163
-10
Ars Radiophonik
11:21 Feudal Age
15:36 Castle Age
17:06 Wheelbarrow
17:01 Double-Bit Axe
17:26 Loom
22:08 Bow Saw
21:44 Horse Collar
23:58 Town Watch
24:29 Hand Cart
24:32 Fletching
25:43 Padded Archer Armor
31:46 Gold Mining
32:52 Heavy Plow
34:32 Bodkin Arrow
34:24 Crossbowman
36:51 Ballistics
38:37 Thumb Ring
43:22 Imperial Age
43:06 Gold Shaft Mining
43:15 Bloodlines
43:07 Husbandry
45:34 Parthian Tactics
44:30 Heavy Cavalry Archer
Youtube Nimro7
10:19 Feudal Age
14:31 Castle Age
13:34 Double-Bit Axe
15:52 Wheelbarrow
15:02 Loom
20:19 Horse Collar
21:54 Stone Mining
22:33 Bow Saw
23:20 Heavy Plow
24:15 Hand Cart
28:59 Imperial Age
26:44 Scale Barding Armor
27:20 Forging
27:23 Bloodlines
27:18 Husbandry
28:08 Stone Shaft Mining
28:18 Chain Barding Armor
29:33 Iron Casting
29:03 Gold Mining
29:52 Tuntian
30:34 Conscription
30:46 Ming Guang Armor
30:24 Town Watch
31:40 Blast Furnace
31:19 Gold Shaft Mining
31:27 Elite Tiger Cavalry
33:45 Chemistry
32:53 Fletching
32:48 Treadmill Crane
34:25 Crop Rotation
35:10 Ballistics
36:00 Hoardings
36:48 Caravan
37:18 Coinage
42:56 Town Patrol
42:53 Bodkin Arrow
43:12 Masonry
42:57 Murder Holes
43:13 Fortified Wall
eltomooo
11:24 Feudal Age
12:06 Double-Bit Axe
12:04 Horse Collar
15:05 Castle Age
15:23 Loom
16:36 Bow Saw
16:27 Heavy Plow
17:58 Fletching
23:18 Wheelbarrow
23:15 Gold Mining
24:49 Bodkin Arrow
31:12 Imperial Age
30:16 Padded Archer Armor
31:09 Hand Cart
31:46 Gold Shaft Mining
31:56 Leather Archer Armor
32:11 Bracer
33:48 Ballistics
34:29 Chemistry
34:21 Stone Mining
35:32 Two-Man Saw
37:21 Ring Archer Armor
38:13 Yeomen
38:14 Conscription
39:00 Town Watch
43:58 Sappers
Sebv
9:13 Feudal Age
9:46 Town Watch
13:55 Castle Age
13:12 Double-Bit Axe
15:06 Bow Saw
18:55 Loom
19:23 Horse Collar
20:54 Wheelbarrow
20:44 Heavy Plow
23:43 Gold Mining
24:45 Scale Barding Armor
25:21 Gold Shaft Mining
26:24 Chain Barding Armor
26:56 Hand Cart
26:59 Bloodlines
26:54 Husbandry
30:24 Imperial Age
28:49 Forging
30:29 Iron Casting
32:05 Plate Barding Armor
30:52 Heavy Camel Rider
34:35 Blast Furnace
34:49 Imperial Camel Rider
38:13 Two-Man Saw
37:05 Stone Mining
38:15 Town Patrol
38:52 Stone Shaft Mining
devellabs
3:06 Loom
10:13 Feudal Age
17:31 Castle Age
17:35 Double-Bit Axe
17:33 Horse Collar
17:44 Gold Mining
20:18 Bow Saw
22:40 Heavy Plow
30:14 Imperial Age
27:43 Gold Mining
28:35 Town Watch
29:03 Bloodlines
28:54 Husbandry
30:12 Wheelbarrow
29:26 Light Cavalry
30:17 Hussar
31:04 Scale Barding Armor
31:22 Corvinian Army
33:27 Crop Rotation
33:40 Chain Barding Armor
34:59 Hand Cart
35:44 Plate Barding Armor
34:42 Pikeman
35:00 Cavalier
35:43 Halberdier
36:50 Scale Mail Armor
36:36 Paladin
40:32 Conscription
40:43 Conscription
42:23 Chain Mail Armor
Fs. Ô FOKA
10:44 Feudal Age
15:26 Castle Age
13:57 Double-Bit Axe
14:46 Horse Collar
19:33 Bow Saw
23:52 Heavy Plow
24:17 Gold Mining
24:21 Loom
24:57 Fervor
27:39 Scale Barding Armor
27:44 Forging
28:11 Gold Shaft Mining
28:15 Wheelbarrow
27:25 Town Watch
29:11 Chain Barding Armor
29:14 Hand Cart
29:26 Bloodlines
29:16 Husbandry
29:38 Stone Mining
33:02 Imperial Age
30:32 Town Patrol
32:44 Iron Casting
33:28 Pikeman
34:09 Squires
33:54 Arson
34:41 Ballistics
35:22 Chemistry
34:03 Treadmill Crane
34:34 Masonry
36:20 Blast Furnace
35:07 Heavy Hei Guang Cavalry
35:09 Halberdier
36:30 Scale Mail Armor
38:08 Stone Shaft Mining
c_Roi
10:07 Feudal Age
11:33 Loom
14:57 Castle Age
14:17 Gold Mining
16:42 Horse Collar
19:18 Fletching
19:24 Double-Bit Axe
22:02 Bodkin Arrow
23:26 Heavy Plow
25:39 Wheelbarrow
26:55 Bow Saw
28:45 Town Watch
34:15 Imperial Age
32:27 Ballistics
33:02 Masonry
34:53 Gold Shaft Mining
35:31 Scale Mail Armor
35:11 Pikeman
36:28 Fortified Wall
36:10 Man-at-Arms
36:11 Halberdier
37:10 Chain Mail Armor
37:06 Forging
Alexander
9:47 Feudal Age
15:08 Castle Age
14:08 Double-Bit Axe
14:12 Horse Collar
17:47 Bow Saw
19:07 Fletching
23:05 Heavy Plow
25:00 Loom
25:11 Gold Mining
26:30 Ballistics
29:21 Bodkin Arrow
31:38 Guard Tower
34:39 Wheelbarrow
Connection lost

Rejoining the realm…

Still unreachable

The connection could not be restored.

Session expired

The server has moved on; the page needs a fresh start.